[Event "Titled Tuesday Blitz November 29 Early 2022"]
[White "Yuan, Qingyu"]
[Black "Ezat, Mohamed"]
[WhiteFideId "8609772"]
[BlackFideId "10600906"]
[WhiteElo "2359"]
[BlackElo "2386"]
[Result "1-0"]
[Round "04"]
[TimeControl "180+1"]
[Date "2022.11.30"]
[WhiteClock "0:00:06"]
[BlackClock "0:00:02"]

1. e4 c6 2. d4 d5 3. e5 c5 4. Nf3 Nc6 5. Bb5 Bg4 6. dxc5 Qa5+ 7. Nc3 e6 8. h3 Bxf3 9. Qxf3 Bxc5 10. O-O Ne7 11. Bf4 O-O 12. Bd3 Ng6 13. Bxg6 fxg6 14. Qg4 Rf5 15. Bg3 Raf8 16. Rae1 Qb4 17. Nd1 Qxg4 18. hxg4 R5f7 19. c3 h5 20. gxh5 gxh5 21. Kh1 g5 22. f3 h4 23. Bf2 Bxf2 24. Nxf2 Rf5 25. Ng4 Kg7 26. Kh2 Kg6 27. Kh3 Rf4 28. Rf2 a5 29. Rd2 a4 30. b3 axb3 31. axb3 b5 32. Ra2 b4 33. Ra6 Rc8 34. Rc1 Kf7 35. cxb4 Ne7 36. Rxc8 Nxc8 37. b5 Rb4 38. Rc6 Ne7 39. Rc7 Rxb5 40. Rc3 Rb4 41. Nf6 Ng6 42. Rc7+ Kf8 43. Nd7+ Kg7 44. Nc5+ Kh6 45. Nxe6 Rxb3 46. Rc6 Rb1 47. Nd4 Rh1+ 48. Kg4 1-0


[Site "https://www.chess.com"]

[Event "Titled Tuesday Blitz November 29 Early 2022"]
[White "Yurasova, Daria"]
[Black "Chernobay, Artem"]
[WhiteFideId "34146919"]
[BlackFideId "4167406"]
[WhiteElo "2097"]
[BlackElo "2473"]
[Result "1-0"]
[Round "04"]
[TimeControl "180+1"]
[Date "2022.11.30"]
[WhiteClock "0:00:22"]
[BlackClock "0:00:05"]

1. d4 Nf6 2. c4 e6 3. Nc3 Bb4 4. Qc2 O-O 5. e3 d5 6. cxd5 exd5 7. Ne2 b6 8. Ng3 Re8 9. Be2 a6 10. O-O Bb7 11. a3 Bf8 12. b4 g6 13. Bb2 h5 14. Rac1 h4 15. Nh1 Nbd7 16. Nd1 Rc8 17. f3 Bh6 18. Qd3 c5 19. bxc5 bxc5 20. Nhf2 c4 21. Qd2 Nb6 22. Bc3 Rc6 23. Re1 Rce6 24. Bf1 Na4 25. Bb4 Nh5 26. Ng4 Bg7 27. Nc3 Nxc3 28. Qxc3 Nf6 29. Ne5 Nd7 30. f4 Nf8 31. Ba5 Qc8 32. e4 f6 33. exd5 Bxd5 34. Nf3 Rxe1 35. Rxe1 Rxe1 36. Nxe1 Ne6 37. Nc2 f5 38. Bb6 Qb8 39. Qb4 Qxf4 40. Qe7 Nxd4 41. Qd8+ Kh7 42. Qxd5 Nxc2 43. Qxc4 Qxc4 44. Bxc4 Nxa3 45. Bxa6 Nc2 46. Bd3 Bd4+ 47. Bxd4 Nxd4 48. Kf2 Ne6 49. Bb1 Kh6 50. g3 Kg5 51. Ba2 Kh5 52. Bxe6 hxg3+ 53. hxg3 Kg4 54. Bd7 g5 55. Kg2 Kh5 56. Bxf5 Kh6 57. g4 Kg7 58. Kf3 1-0


[Site "https://www.chess.com"]

[Event "Titled Tuesday Blitz November 29 Early 2022"]
[White "Zacurdajev, Dmitry"]
[Black "Fawzy, Adham"]
[WhiteFideId "4196309"]
[BlackFideId "10613129"]
[WhiteElo "2179"]
[BlackElo "2541"]
[Result "0-1"]
[Round "04"]
[TimeControl "180+1"]
[Date "2022.11.30"]
[WhiteClock "0:00:11"]
[BlackClock "0:00:13"]

1. d4 Nf6 2. c4 g6 3. Nc3 Bg7 4. e4 d6 5. Nf3 O-O 6. Be2 e5 7. O-O Nc6 8. d5 Ne7 9. Ne1 Nd7 10. Be3 f5 11. f3 f4 12. Bf2 g5 13. b4 Nf6 14. c5 Ng6 15. c6 b6 16. a4 h5 17. a5 bxa5 18. Rxa5 g4 19. Rxa7 Rxa7 20. Bxa7 g3 21. h3 Nh7 22. Nd3 Qh4 23. Re1 Bxh3 24. Bf1 Bc8 25. Be2 Qh2+ 26. Kf1 Nh4 0-1


[Site "https://www.chess.com"]

[Event "Titled Tuesday Blitz November 29 Early 2022"]
[White "Zaichenko, Daria"]
[Black "Przybylski, Wojciech"]
[WhiteFideId "4197453"]
[BlackFideId "1117599"]
[WhiteElo "2039"]
[BlackElo "2221"]
[Result "0-1"]
[Round "04"]
[TimeControl "180+1"]
[Date "2022.11.30"]
[WhiteClock "0:00:04"]
[BlackClock "0:00:06"]

1. e4 e5 2. Nf3 Nc6 3. Bc4 Nf6 4. d3 Bc5 5. c3 O-O 6. b4 Bd6 7. O-O Qe7 8. Bg5 h6 9. Bh4 g5 10. Nxg5 hxg5 11. Bxg5 Kg7 12. Qf3 Rh8 13. Qg3 Kf8 14. Qf3 Kg7 15. Qg3 Nh5 16. Qg4 f6 17. Be3+ Kf8 18. Nd2 Nd8 19. Nf3 Ne6 20. Nh4 Qg7 21. Ng6+ Ke8 22. h3 Rh7 23. d4 Nef4 24. Bxf4 Nxf4 25. Nxf4 Qxg4 26. hxg4 exf4 27. f3 c6 28. Kf2 Bf8 29. Rh1 Rxh1 30. Rxh1 Bg7 31. Rh7 Kf8 32. g3 fxg3+ 33. Kxg3 d5 34. exd5 cxd5 35. Bxd5 a5 36. b5 Bd7 37. Bxb7 Rb8 38. Bc6 Bxc6 39. bxc6 Kg8 40. Rh5 Rc8 41. d5 Bf8 42. Rf5 Bd6+ 43. Kf2 Kg7 44. g5 fxg5 45. Rxg5+ Kf6 46. Rh5 Kg6 47. Rh4 Rb8 48. Ra4 Kf5 49. Rxa5 Ke5 50. c4 Rh8 51. c5 Bc7 52. Ra4 Kxd5 53. Ra7 Kxc6 54. a4 Rh2+ 55. Ke3 Ra2 56. Ke4 Ra3 57. f4 Bd8 58. f5 Kxc5 59. Ra8 Bc7 60. Rc8 Kc6 61. f6 Rxa4+ 62. Kf5 Ra1 63. Kg6 Rg1+ 64. Kf7 Kd7 65. Kf8 Bd6+ 66. Kf7 Kxc8 67. Ke6 Bc5 68. f7 Bb4 69. Kf6 Rf1+ 70. Ke6 Kd8 71. Kd5 Rxf7 72. Kc6 Rd7 73. Kb5 Rc7 74. Kb6 Kd7 0-1


[Site "https://www.chess.com"]

[Event "Titled Tuesday Blitz November 29 Early 2022"]
[White "Zaksaite, Salomeja"]
[Black "Sadovsky, Artem"]
[WhiteFideId "12801496"]
[BlackFideId "4155840"]
[WhiteElo "2079"]
[BlackElo "2312"]
[Result "1-0"]
[Round "04"]
[TimeControl "180+1"]
[Date "2022.11.30"]
[WhiteClock "0:00:09"]
[BlackClock "0:00:18"]

1. e4 g6 2. d4 Bg7 3. Nc3 c6 4. Bc4 d5 5. exd5 b5 6. Bb3 b4 7. Nce2 cxd5 8. Nf3 a5 9. a3 bxa3 10. Rxa3 Nf6 11. Bd2 O-O 12. Qa1 Nc6 13. Ne5 Ne4 14. Nxc6 Qd6 15. Ne5 Bxe5 16. dxe5 Qxe5 17. Bf4 Qf6 18. O-O e5 19. Bxd5 exf4 20. Bxe4 Bg4 21. Bf3 Bf5 22. Bxa8 Rxa8 23. Rxa5 Rc8 24. Ra8 Kg7 25. Rxc8 Bxc8 26. b3 Bb7 27. Qxf6+ Kxf6 28. Nxf4 Kf5 29. g3 Bf3 30. Nd3 g5 31. Re1 f6 32. Re7 Bd5 33. Rxh7 Kg4 34. h4 f5 35. hxg5 Kf3 36. g6 Be4 37. g7 f4 38. g8=Q fxg3 39. Qxg3+ Ke2 40. Qe3+ Kd1 41. Rd7 Kxc2 42. Nc5 Bd3 43. Qxd3+ Kb2 44. Qd2+ Ka3 45. Ra7# 1-0


[Site "https://www.chess.com"]

[Event "Titled Tuesday Blitz November 29 Early 2022"]
[White "Zaloznyy, Mike"]
[Black "Mikhalsky, Vladimir"]
[WhiteFideId "2023075"]
[BlackFideId "14144352"]
[WhiteElo "2126"]
[BlackElo "2271"]
[Result "0-1"]
[Round "04"]
[TimeControl "180+1"]
[Date "2022.11.30"]
[WhiteClock "0:00:04"]
[BlackClock "0:00:47"]

1. Nf3 c5 2. b3 Nc6 3. e3 e5 4. Bb2 e4 5. Ne5 Qf6 6. Nc4 Qe7 7. a4 d5 8. Nca3 Nf6 9. Bb5 a6 10. Bxc6+ bxc6 11. c4 Bg4 12. f3 Bh5 13. g4 Nxg4 14. fxg4 Qh4+ 15. Kf1 Bxg4 16. Qe1 Qh3+ 17. Kg1 Bd6 18. Nc3 Bf3 19. Qf2 Qg4+ 20. Kf1 Bxh1 21. cxd5 cxd5 22. Nxd5 Bf3 23. Nc4 Rd8 24. Nxd6+ Rxd6 25. Nf4 g5 26. Bc3 gxf4 27. exf4 Rg8 28. Qxc5 Qg2+ 29. Ke1 Qe2# 0-1


[Site "https://www.chess.com"]

[Event "Titled Tuesday Blitz November 29 Early 2022"]
[White "Zhu, Jiner"]
[Black "Shuvalov, Evgenij"]
[WhiteFideId "8608059"]
[BlackFideId "4187237"]
[WhiteElo "2384"]
[BlackElo "2049"]
[Result "0-1"]
[Round "04"]
[TimeControl "180+1"]
[Date "2022.11.30"]
[WhiteClock "0:00:06"]
[BlackClock "0:00:13"]

1. c4 Nf6 2. Nc3 d5 3. cxd5 Nxd5 4. e4 Nxc3 5. bxc3 g6 6. Nf3 Bg7 7. Bc4 c5 8. d4 O-O 9. Be3 Nc6 10. O-O b6 11. Rc1 Bb7 12. d5 Na5 13. Be2 e6 14. c4 exd5 15. exd5 Re8 16. Re1 Bc8 17. Bf4 Bf5 18. Qd2 Qd7 19. Bf1 Qa4 20. Ne5 Rad8 21. h3 h5 22. Re3 b5 23. Nc6 Nxc6 24. Rxe8+ Rxe8 25. dxc6 b4 26. c7 Qc6 27. Rd1 Bd4 28. Bd3 Bc8 29. Re1 Bb7 30. Rxe8+ Qxe8 31. Qe2 Qc6 32. Be4 Qe6 33. Bxb7 Qxe2 34. c8=Q+ Kh7 35. Bg3 h4 36. Bxh4 Qe1+ 37. Kh2 Bxf2 38. Bxf2 Qxf2 39. Qc7 Kg7 40. Qe5+ Qf6 41. Qxf6+ Kxf6 42. Kg3 a5 43. Bc6 Ke5 44. Kf3 Kd4 45. Bb5 f5 46. Ke2 Kc3 47. Kd1 Kb2 48. Ba4 Kxa2 49. Kc2 Ka3 50. Be8 a4 51. Bxg6 b3+ 52. Kb1 Kb4 53. Bxf5 Kxc4 54. Be6+ Kb4 55. g4 c4 56. g5 c3 57. g6 c2+ 58. Kc1 Kc3 59. g7 b2# 0-1


[Site "https://www.chess.com"]

[Event "Titled Tuesday Blitz November 29 Early 2022"]
[White "Aaditya Dhingra"]
[Black "Gabrielian, Artur"]
[WhiteFideId "25678191"]
[BlackFideId "4131002"]
[WhiteElo "2054"]
[BlackElo "2432"]
[Result "1/2-1/2"]
[Round "05"]
[TimeControl "180+1"]
[Date "2022.11.30"]
[WhiteClock "0:00:04"]
[BlackClock "0:00:06"]

1. e4 c5 2. Nf3 d6 3. Bb5+ Nd7 4. O-O a6 5. Bd3 Ngf6 6. Re1 e6 7. c3 b5 8. a4 c4 9. Bc2 Bb7 10. Na3 Be7 11. Rb1 Nc5 12. axb5 axb5 13. Nxb5 Ncxe4 14. d3 cxd3 15. Bxd3 O-O 16. Be3 d5 17. Nbd4 Ng4 18. Bxe4 Nxe3 19. Bxh7+ Kxh7 20. Rxe3 Kg8 21. Ne5 Bg5 22. Rh3 g6 23. Qc2 Qf6 24. Nd7 Qe7 25. Nxf8 Rxf8 26. Re1 e5 27. Nf3 Bf6 28. Qd2 Re8 29. Qh6 Bg7 30. Qh7+ Kf8 31. Nh4 Qg5 32. Rg3 Qh6 33. Qxh6 Bxh6 34. Nf3 Bf4 35. Rh3 e4 36. Rh8+ Ke7 37. Rxe8+ Kxe8 38. Nd4 Kd7 39. g3 Bc7 40. f3 f5 41. fxe4 dxe4 42. Kf2 Bb6 43. h3 g5 44. Ke2 f4 45. gxf4 gxf4 46. Kd2 e3+ 47. Rxe3 fxe3+ 48. Kxe3 Kd6 49. b4 Ke5 50. Kd3 Be4+ 51. Ke3 Bg6 52. h4 Kd5 53. Kd2 Bd8 54. h5 Bxh5 55. Kc2 Bg6+ 56. Kb3 Bd3 57. Nc2 Bc4+ 58. Kb2 Ke4 59. Nd4 Bf6 60. Kc2 Kd5 61. Kd2 Bg5+ 62. Kc2 Ke4 63. Kb2 Kd3 64. Nc2 Bf6 65. Nd4 Be5 66. b5 Bd5 67. b6 Kc4 68. Kc2 Kc5 69. Kd3 Kxb6 70. c4 Bb7 71. Nb3 Bc7 72. Nd4 Bc8 73. Nb3 Bf5+ 74. Kc3 Be5+ 75. Kb4 Bg3 76. c5+ Kc7 77. Nd4 Bd7 78. Nb5+ Kd8 79. Nd4 Be8 80. Nb5 Be1+ 81. Kc4 Bf7+ 82. Kd4 Bf2+ 83. Ke5 Kd7 84. Nd6 Ba2 85. Ne4 Bg1 86. Kf5 Kc6 87. Kf4 Bb1 88. Kf3 Bd4 89. Nf2 Bxc5 90. Ne4 Bb6 91. Nf2 Kd5 92. Ng4 Bc7 93. Ne3+ Kd4 94. Ng4 Kd3 95. Nf2+ Kc4 96. Ne4 Bc2 97. Nd2+ Kd3 98. Nf1 Bd1+ 99. Kf2 Bf4 100. Ng3 Bg4 101. Nf1 Be2 102. Ng3 Be3+ 103. Kg2 Bg4 104. Nf1 Bf4 105. Nh2 Be6 106. Nf3 Bd5 107. Kf2 Be3+ 108. Kg3 Ke4 109. Nh4 Bf4+ 110. Kf2 Be6 111. Nf3 Bg4 112. Ng1 Be3+ 113. Kg2 Kf4 114. Nh3+ Kf5 115. Nf2 Be2 116. Nh1 Kg4 117. Nf2+ Kh4 118. Nh1 Bg4 119. Nf2 Bh5 120. Nh1 Bf4 121. Nf2 Bg3 122. Nh1 Be1 123. Nf2 Be2 124. Nh3 Bg4 125. Nf2 Bd7 126. Nd3 Bc3 127. Nf2 Bc6+ 128. Kf1 Kg3 129. Ke2 Bb5+ 130. Ke3 Ba5 131. Ne4+ Kg4 132. Nf2+ Kf5 133. Nd3 Bb6+ 134. Kd2 Ke4 135. Nb2 Kd4 136. Kc2 Bc5 137. Kb3 Be2 138. Kc2 Bb4 139. Kb3 Bd2 1/2-1/2


[Site "https://www.chess.com"]

[Event "Titled Tuesday Blitz November 29 Early 2022"]
[White "Amin-Erdene, Bayanmunkh"]
[Black "Manon-og, Ramon Jr."]
[WhiteFideId "4903161"]
[BlackFideId "5200776"]
[WhiteElo "1447"]
[BlackElo "2338"]
[Result "1-0"]
[Round "05"]
[TimeControl "180+1"]
[Date "2022.11.30"]
[WhiteClock "0:00:30"]
[BlackClock "0:00:02"]

1. d4 Nf6 2. Bf4 g6 3. e3 d6 4. Nf3 Bg7 5. h3 O-O 6. Be2 Nfd7 7. O-O Nc6 8. Nbd2 e5 9. dxe5 Ndxe5 10. c3 Bf5 11. Nxe5 Nxe5 12. Nf3 Be4 13. Nxe5 dxe5 14. Bg3 Qxd1 15. Rfxd1 Rad8 16. Bc4 Bc2 17. Rxd8 Rxd8 18. Rc1 Rd2 19. f3 Bh6 20. Bf2 Ba4 21. b4 a6 22. Kf1 e4 23. fxe4 Bg7 24. Be1 Rb2 25. Bg3 c6 26. e5 Bc2 27. e6 fxe6 28. Bxe6+ Kf8 29. Bd6+ Ke8 30. c4 Rxa2 31. b5 Bc3 32. Kg1 Bd2 33. Rf1 Bxe3+ 34. Kh2 Bh6 35. bxc6 bxc6 36. c5 Rb2 37. Rf2 a5 38. Be5 Be3 39. Re2 Rb5 40. Rxe3 a4 41. Bd6 1-0


[Site "https://www.chess.com"]

[Event "Titled Tuesday Blitz November 29 Early 2022"]
[White "Andrews, Todd"]
[Black "Baches Garcia, Guillermo"]
[WhiteFideId "2012456"]
[BlackFideId "2209764"]
[WhiteElo "2342"]
[BlackElo "2463"]
[Result "0-1"]
[Round "05"]
[TimeControl "180+1"]
[Date "2022.11.30"]
[WhiteClock "0:00:13"]
[BlackClock "0:00:17"]

1. e4 c5 2. Nf3 d6 3. d4 cxd4 4. Nxd4 Nf6 5. Nc3 Nc6 6. Bc4 Bd7 7. Bb3 g6 8. Be3 Ng4 9. Bg5 Bg7 10. Nde2 O-O 11. f3 Nf6 12. Qd2 Na5 13. h4 Nxb3 14. axb3 h5 15. Bh6 Be6 16. Bxg7 Kxg7 17. g4 Qb6 18. Nf4 Rh8 19. g5 Nd7 20. Ncd5 Qd8 21. Qc3+ Kh7 22. Nxe6 fxe6 23. Nf4 e5 24. Nd5 Nb6 25. Ne3 Rf8 26. Rf1 Rc8 27. Qd2 a6 28. O-O-O Qc7 29. Kb1 Qc5 30. Ng2 a5 31. f4 a4 32. b4 Qc4 33. f5 a3 34. fxg6+ Kxg6 35. Ne3 a2+ 36. Ka1 Qe6 37. Rf5 Nc4 38. Nxc4 Qxc4 39. c3 Qxe4 40. Rxf8 Rxf8 41. Kxa2 Ra8+ 42. Kb3 b5 43. Qd3 Qxd3 44. Rxd3 e4 45. Re3 Kf5 46. c4 bxc4+ 47. Kxc4 Ke5 48. b5 d5+ 49. Kc5 d4 50. Re1 d3 51. b6 d2 52. Rd1 e3 53. b7 Rb8 54. Kc6 Ke4 55. Kc7 Rxb7+ 56. Kxb7 Kd3 57. b4 e2 58. b5 exd1=Q 59. b6 Qb3 0-1


[Site "https://www.chess.com"]

[Event "Titled Tuesday Blitz November 29 Early 2022"]
[White "Bacrot, Etienne"]
[Black "Gabdrakhmanov, Azat"]
[WhiteFideId "605506"]
[BlackFideId "34189197"]
[WhiteElo "2666"]
[BlackElo "2254"]
[Result "1-0"]
[Round "05"]
[TimeControl "180+1"]
[Date "2022.11.30"]
[WhiteClock "0:00:07"]
[BlackClock "0:00:01"]

1. e4 c5 2. Nf3 e6 3. b3 d6 4. Bb2 e5 5. c3 Nf6 6. Bd3 Be7 7. Bc2 O-O 8. d4 d5 9. dxe5 Nxe4 10. c4 Qa5+ 11. Ke2 Bg4 12. cxd5 Ng5 13. Nd2 Rd8 14. h3 Nxf3 15. Nxf3 Bxf3+ 16. Kxf3 Nc6 17. Bxh7+ Kxh7 18. Qc2+ Kg8 19. dxc6 bxc6 20. Rhd1 Rd5 21. Rxd5 cxd5 22. Rd1 d4 23. Bc1 Re8 24. Bf4 Bd8 25. Rc1 Bb6 26. g3 Qa6 27. Kg2 Qb7+ 28. Kg1 Qf3 29. h4 d3 30. Qd1 Qd5 31. Qd2 Qe4 32. Re1 Qd5 33. h5 Rd8 34. h6 Qf3 35. hxg7 c4 36. Be3 c3 37. Qxc3 Bxe3 38. Rxe3 Qd1+ 39. Re1 Qf3 40. Qd2 Qg4 41. Qh6 1-0


[Site "https://www.chess.com"]

[Event "Titled Tuesday Blitz November 29 Early 2022"]
[White "Bai, Adelard"]
[Black "Bettalli, Francesco"]
[WhiteFideId "16301188"]
[BlackFideId "2816453"]
[WhiteElo "2299"]
[BlackElo "2216"]
[Result "0-1"]
[Round "05"]
[TimeControl "180+1"]
[Date "2022.11.30"]
[WhiteClock "0:00:03"]
[BlackClock "0:00:47"]

1. Nf3 c5 2. g3 g6 3. Bg2 Bg7 4. O-O Nc6 5. e4 e6 6. h4 h5 7. c3 Nge7 8. d4 cxd4 9. cxd4 d5 10. Nc3 O-O 11. e5 Qb6 12. Na4 Qc7 13. Bf4 b6 14. Rc1 Ba6 15. Re1 Qd7 16. Ng5 Nb4 17. Nc3 Nd3 18. Bf1 Nxb2 19. Qf3 Bxf1 20. Rxf1 Nc4 21. g4 hxg4 22. Qxg4 Nf5 23. h5 Nh6 24. Qh3 gxh5 25. Nce4 dxe4 26. Rxc4 Rac8 27. Rxc8 Rxc8 28. Nxe4 Qxd4 29. Qg2 Ng4 30. Kh1 Rc4 31. f3 Bxe5 32. Bxe5 Qxe5 33. Nf2 Qg5 34. fxg4 hxg4 35. Nh3 Qh4 36. Rg1 f5 37. Qa8+ Kg7 38. Qxa7+ Kf6 39. Qa3 Qxh3+ 0-1


[Site "https://www.chess.com"]

[Event "Titled Tuesday Blitz November 29 Early 2022"]
[White "Balabayeva, Xeniya"]
[Black "Petrova, Irina"]
[WhiteFideId "13719688"]
[BlackFideId "14124122"]
[WhiteElo "2041"]
[BlackElo "2023"]
[Result "1-0"]
[Round "05"]
[TimeControl "180+1"]
[Date "2022.11.30"]
[WhiteClock "0:00:12"]
[BlackClock "0:00:53"]

1. d4 d6 2. c4 e5 3. d5 Be7 4. Nc3 a5 5. e4 Na6 6. Be3 f5 7. exf5 Bxf5 8. Bd3 Bxd3 9. Qxd3 Nf6 10. Nge2 O-O 11. h3 b6 12. O-O Nc5 13. Bxc5 bxc5 14. f4 Nd7 15. f5 e4 16. Qxe4 Bf6 17. Nf4 Re8 18. Ne6 Qb8 19. Nb5 Bxb2 20. Rab1 Bf6 21. Rfe1 Re7 22. Nbxc7 Qxc7 23. Nxc7 Rxe4 24. Rxe4 Rc8 25. Ne6 Be5 26. Rb7 Nf8 27. g4 h6 28. Kg2 Ra8 29. Rxe5 dxe5 30. d6 Nxe6 31. fxe6 Kf8 32. Rf7+ Kg8 33. d7 Rb8 34. Rf2 e4 35. e7 e3 36. e8=Q+ 1-0


[Site "https://www.chess.com"]

[Event "Titled Tuesday Blitz November 29 Early 2022"]
[White "Barash, Anton"]
[Black "Iinuma, Paul Y"]
[WhiteFideId "30935229"]
[BlackFideId "2031809"]
[WhiteElo "2313"]
[BlackElo "2066"]
[Result "1-0"]
[Round "05"]
[TimeControl "180+1"]
[Date "2022.11.30"]
[WhiteClock "0:00:39"]
[BlackClock "0:00:07"]

1. e4 g6 2. d4 Bg7 3. Nc3 d6 4. f4 Nd7 5. Nf3 c5 6. Be3 cxd4 7. Bxd4 e5 8. fxe5 dxe5 9. Be3 Ne7 10. Bc4 O-O 11. O-O a6 12. Bb3 h6 13. Qd2 Kh7 14. Rad1 Qc7 15. Nd5 Nxd5 16. Qxd5 g5 17. Bxg5 hxg5 18. Nxg5+ Kg6 19. Rxf7 Qc5+ 20. Qxc5 Nxc5 21. Rd6+ Kxg5 22. Rxg7+ Kf4 23. Bd5 Nxe4 24. Rh6 Ke3 25. Rh3+ Kd4 26. Rd3+ Kc5 27. Bxe4 Be6 28. Rc7+ Kb6 29. Rxb7+ Ka5 30. Ra3# 1-0


[Site "https://www.chess.com"]

[Event "Titled Tuesday Blitz November 29 Early 2022"]
[White "Barria Zuniga, Daniel"]
[Black "Gurevich, Dmitry"]
[WhiteFideId "3400816"]
[BlackFideId "2000407"]
[WhiteElo "2414"]
[BlackElo "2506"]
[Result "1-0"]
[Round "05"]
[TimeControl "180+1"]
[Date "2022.11.30"]
[WhiteClock "0:00:20"]
[BlackClock "0:00:12"]

1. c4 e6 2. g3 d5 3. Bg2 Nf6 4. Nf3 dxc4 5. O-O Nbd7 6. Na3 Bxa3 7. bxa3 O-O 8. a4 a5 9. Qc2 Nb6 10. Ne5 Bd7 11. Nxd7 Qxd7 12. Bxb7 Rab8 13. Bf3 Qxa4 14. Qxa4 Nxa4 15. Ba3 Rfd8 16. Rfc1 c3 17. dxc3 Nd5 18. Rc2 Ndxc3 19. Rac1 Rb1 20. Rxb1 Nxb1 21. Be7 Rb8 22. Rxc7 Nbc3 23. Ra7 h6 24. Rxa5 Rb2 25. a3 Nb6 26. Bc5 Nc4 27. Ra8+ Kh7 28. a4 Nxe2+ 29. Bxe2 Rxe2 30. a5 Ra2 31. a6 Nd2 32. a7 Nf3+ 33. Kg2 Ne1+ 34. Kf1 1-0


[Site "https://www.chess.com"]

[Event "Titled Tuesday Blitz November 29 Early 2022"]
[White "Bogaudinov, Rushan"]
[Black "Zaloznyy, Mike"]
[WhiteFideId "4129288"]
[BlackFideId "2023075"]
[WhiteElo "1997"]
[BlackElo "2126"]
[Result "1-0"]
[Round "05"]
[TimeControl "180+1"]
[Date "2022.11.30"]
[WhiteClock "0:01:16"]
[BlackClock "0:00:02"]

1. a3 d5 2. e3 Nf6 3. Nf3 e6 4. d4 Be7 5. c4 O-O 6. Nc3 c5 7. dxc5 dxc4 8. Qxd8 Rxd8 9. Bxc4 Bxc5 10. b4 Be7 11. Bb2 a5 12. b5 Nbd7 13. O-O Nc5 14. Rfd1 Bd7 15. Ne5 Be8 16. f3 a4 17. Kf2 Rxd1 18. Rxd1 Rd8 19. Rxd8 Bxd8 20. g4 Bc7 21. Nd3 Nxd3+ 22. Bxd3 Bxh2 23. Nxa4 Bd6 24. Nc3 Nd7 25. Ne4 Be7 26. a4 f5 27. gxf5 exf5 28. Ng3 g6 29. e4 Nc5 30. Bc2 f4 31. Ne2 Bh4+ 32. Kg2 g5 33. Bc3 Bf7 34. Nd4 h5 35. Nf5 Bb3 36. Bxb3+ Nxb3 37. Nxh4 gxh4 38. a5 Nc5 39. Bd2 Nb3 40. a6 1-0


[Site "https://www.chess.com"]

[Event "Titled Tuesday Blitz November 29 Early 2022"]
[White "Boros, Denes"]
[Black "Sadhwani, Raunak"]
[WhiteFideId "722340"]
[BlackFideId "35093487"]
[WhiteElo "2789"]
[BlackElo "2986"]
[Result "0-1"]
[Round "05"]
[TimeControl "180+1"]
[Date "2022.11.30"]
[WhiteClock "0:00:04"]
[BlackClock "0:00:20"]

1. d4 Nf6 2. Nc3 e6 3. Nf3 Bb4 4. Qd3 b6 5. a3 Ba6 6. Qe3 Nd5 7. Qd2 Bxc3 8. bxc3 Nc6 9. e4 Bxf1 10. Kxf1 Nde7 11. h4 O-O 12. h5 f5 13. e5 Na5 14. Qd3 h6 15. Rh3 Qe8 16. Bd2 d5 17. exd6 cxd6 18. Re1 Qf7 19. c4 Rac8 20. Bxa5 bxa5 21. Kg1 Rfd8 22. Qe2 Re8 23. Nd2 Nc6 24. c3 e5 25. Re3 a4 26. Qf3 e4 27. Qf4 Na5 28. g4 Nxc4 29. Nxc4 Rxc4 30. Qxf5 Qxf5 31. gxf5 d5 32. f3 Kf7 33. fxe4 Rxe4 34. Rxe4 dxe4 35. Rxe4 Rxc3 36. d5 Rxa3 37. Rd4 Rg3+ 38. Kf2 Rg5 39. Ke3 Rxf5 40. Rxa4 Rxd5 41. Rxa7+ Kg8 42. Kf4 Rxh5 43. Kg4 Re5 44. Kf4 Re6 45. Kf5 Rf6+ 46. Kg4 Rf7 47. Ra6 Kh7 48. Kh5 g6+ 49. Kh4 Rf4+ 50. Kg3 g5 51. Rd6 Kg7 52. Re6 Rf6 53. Re5 Kg6 54. Kg4 h5+ 55. Kh3 Rf3+ 56. Kg2 g4 57. Re4 Kg5 58. Re5+ Rf5 59. Re1 Ra5 60. Re2 h4 61. Kh2 Rf5 62. Rd2 h3 63. Kg3 Rf3+ 64. Kh2 Kh4 65. Rd1 g3+ 66. Kh1 Rf4 67. Kg1 Kg4 68. Kh1 g2+ 69. Kg1 Kg3 70. Rd3+ Rf3 71. Rxf3+ Kxf3 72. Kh2 Kf2 0-1


[Site "https://www.chess.com"]

[Event "Titled Tuesday Blitz November 29 Early 2022"]
[White "Bortnyk, Olexandr"]
[Black "Yeremyan, Alen"]
[WhiteFideId "14120828"]
[BlackFideId "13308998"]
[WhiteElo "3030"]
[BlackElo "2688"]
[Result "1-0"]
[Round "05"]
[TimeControl "180+1"]
[Date "2022.11.30"]
[WhiteClock "0:01:02"]
[BlackClock "0:00:02"]

1. e4 c5 2. c3 Nf6 3. e5 Nd5 4. d4 cxd4 5. Nf3 Nc6 6. cxd4 d6 7. Bc4 e6 8. O-O Be7 9. Qe2 O-O 10. Rd1 a6 11. Qe4 Ndb4 12. Bb3 dxe5 13. dxe5 Qc7 14. Nc3 Rd8 15. Bg5 a5 16. Nb5 Qb6 17. Nd6 h6 18. Be3 Qc7 19. Nb5 Qb8 20. a4 Nd5 21. Bc2 f5 22. exf6 Nxf6 23. Qg6 Kf8 24. Bxh6 gxh6 25. Qxh6+ Kg8 26. Qg6+ Kf8 27. Qh6+ Kg8 28. Ng5 Ne5 29. Bh7+ Kh8 30. Rxd8+ 1-0


[Site "https://www.chess.com"]

[Event "Titled Tuesday Blitz November 29 Early 2022"]
[White "Bowden, Karl"]
[Black "Oro, Faustino"]
[WhiteFideId "400548"]
[BlackFideId "20000197"]
[WhiteElo "2500"]
[BlackElo "2066"]
[Result "0-1"]
[Round "05"]
[TimeControl "180+1"]
[Date "2022.11.30"]
[WhiteClock "0:00:01"]
[BlackClock "0:00:23"]

1. e4 c5 2. c3 Nf6 3. e5 Nd5 4. d4 cxd4 5. cxd4 d6 6. Nf3 Nc6 7. Bc4 Nb6 8. Bb5 dxe5 9. Nxe5 Bd7 10. Nc3 e6 11. O-O Nxe5 12. dxe5 Be7 13. Qg4 g6 14. Bh6 Bxb5 15. Nxb5 Nd5 16. Rfd1 Qb6 17. Qa4 O-O-O 18. Nxa7+ Kb8 19. Nb5 Rc8 20. Rd2 Rhd8 21. Rad1 Rc5 22. Nd4 Rdc8 23. Nb3 Rc4 24. Qa5 Qc6 25. Rd4 Rc2 26. Qe1 Rxb2 27. Na5 Qa6 0-1


[Site "https://www.chess.com"]

[Event "Titled Tuesday Blitz November 29 Early 2022"]
[White "Buscar, Michael"]
[Black "Hartikainen, Jarmo"]
[WhiteFideId "2603616"]
[BlackFideId "503134"]
[WhiteElo "2010"]
[BlackElo "2217"]
[Result "1-0"]
[Round "05"]
[TimeControl "180+1"]
[Date "2022.11.30"]
[WhiteClock "0:00:49"]
[BlackClock "0:00:11"]

1. Nf3 Nf6 2. c4 g6 3. b3 Bg7 4. Bb2 O-O 5. e3 d5 6. d4 c6 7. Be2 Ne4 8. O-O Nd7 9. Nbd2 Nxd2 10. Qxd2 Nf6 11. Rac1 Ne4 12. Qc2 Bf5 13. Bd3 Nd6 14. cxd5 cxd5 15. Bxf5 Nxf5 16. Qc7 b5 17. Ba3 a5 18. Qxd8 Rfxd8 19. Bc5 a4 20. g4 Nd6 21. Bxd6 Rxd6 22. b4 a3 23. Rc5 Rb8 24. Rfc1 Bf8 25. Rc8 Rxc8 26. Rxc8 e6 27. Ne5 Kg7 28. Rc7 Ra6 29. Rxf7+ Kg8 30. Rb7 Bxb4 31. Rxb5 Bd6 32. Nd3 h6 33. Kg2 Kg7 34. Rb7+ Kf6 35. h4 Rc6 36. Rh7 Rc2 37. Rxh6 Rxa2 38. Rh7 Be7 39. g5+ Kf5 40. Rxe7 Ke4 41. Nc5+ Kf5 42. Kf3 Ra1 43. Rf7# 1-0


[Site "https://www.chess.com"]

[Event "Titled Tuesday Blitz November 29 Early 2022"]
[White "Caruana, Fabiano"]
[Black "Grandelius, Nils"]
[WhiteFideId "2020009"]
[BlackFideId "1710400"]
[WhiteElo "3067"]
[BlackElo "2886"]
[Result "1-0"]
[Round "05"]
[TimeControl "180+1"]
[Date "2022.11.30"]
[WhiteClock "0:00:14"]
[BlackClock "0:00:05"]

1. d4 d5 2. Bf4 e6 3. e3 Bd6 4. Nf3 Bxf4 5. exf4 Ne7 6. Nbd2 b6 7. Bd3 Ba6 8. Bxa6 Nxa6 9. O-O O-O 10. c3 c5 11. g3 Rc8 12. a4 Nf5 13. Nb3 Nb8 14. a5 c4 15. Nbd2 b5 16. Ne5 a6 17. Re1 b4 18. Ndf3 bxc3 19. bxc3 Nd6 20. Qc2 f6 21. Ng4 Re8 22. Ne3 Nc6 23. f5 Ne4 24. fxe6 Rxe6 25. Nxc4 Ne7 26. Nb6 Rxc3 27. Qxc3 Nxc3 28. Rxe6 Ne4 29. Na4 Qd7 30. Rxa6 Qf5 31. Ra3 Nxf2 32. Re3 Ne4 33. Nc5 g5 34. Rb6 g4 35. Nxe4 dxe4 36. a6 Qa5 37. Rb8+ Kf7 38. Ne1 Qxa6 39. Rxe4 Nd5 40. Rb2 Qc4 41. Rbe2 h5 42. Ng2 Nc3 43. Re7+ Kg6 44. Nf4+ Kf5 45. Re1 Qxd4+ 46. Kh1 Ne4 47. R7xe4 Qf2 48. R4e2 Qf3+ 49. Kg1 h4 50. Rf2 Qc3 51. Ne2+ 1-0


[Site "https://www.chess.com"]